 Dungeon Crawl Stone Soup version 0.31-a0-236-g9a0961fb85 (webtiles) character file.

Game seed: 11204524286599121855

41 qw the Shooter (level 3, -1/29 HPs)
             Began as a Minotaur Hexslinger on July 10, 2023.
             Slain by Natasha (2 damage)
             ... on level 2 of the Dungeon.
             The game lasted 00:00:22 (768 turns).

qw the Shooter (Minotaur Hexslinger)                 Turns: 768, Time: 00:00:23

Health: -1/29      AC:  3    Str: 12    XL:     3   Next: 32%
Magic:  3/3        EV: 12    Int: 10    God:
Gold:   86         SH:  0    Dex: 14    Spells: 3/4 levels left

rFire   . . .        Y - +1 sling
rCold   . . .        (no shield)
rNeg    . . .        e - +0 leather armour
rPois   .            (helmet restricted)
rElec   .            (no cloak)
rCorr   .            (no gloves)
SInv    .            (no boots)
Will    .....        (no amulet)
Stlth   +            (no ring)
HPRegen 0.24/turn    (no ring)
MPRegen 0.08/turn

%: no passive effects
@: no status effects
A: horns 2, retaliatory headbutt
a: no special abilities


You were on level 2 of the Dungeon.
You visited 1 branch of the dungeon, and saw 2 of its levels.

You collected 86 gold pieces.


Innate Abilities, Weirdness & Mutations

You have a pair of horns on your head.
You reflexively headbutt those who attack you in melee.


   Skills:
 - Level 2.0 Fighting
 + Level 3.9 Ranged Weapons
 - Level 2.1 Dodging
 - Level 1.0 Spellcasting
 - Level 2.0 Hexes


You had 3 spell levels left.
You knew the following spells:

 Your Spells              Type           Power      Damage    Failure   Level
a - Slow                  Hex            16%        N/A       19%         1

Your spell library contained the following spells:

 Spells                   Type           Power      Damage    Failure   Level
 Inner Flame              Hex/Fire       2%         N/A       65%         3
 Portal Projectile        Hex/Tloc       4%         N/A       65%         3
 Cause Fear               Hex            2%         N/A       88%         4

Inventory:

Hand Weapons
 Y - a +1 sling (weapon)
Armour
 e - a +0 leather armour (worn)
Potions
 a - a potion of brilliance {unknown}
 b - a potion of magic {unknown}
 f - a potion of enlightenment {unknown}
 h - a potion of attraction {unknown}
 i - a potion of curing {unknown}

Dungeon Overview and Level Annotations

Branches:
Dungeon (2/15)

Altars:

Annotations:
D:2 Natasha


Message History

Found a stone staircase leading down.
b - an amethyst potion An endoplasm comes into view.
Enter note:
Enter note: You shoot a sling bullet.
The sling bullet hits the endoplasm.
You kill the endoplasm!
An endoplasm comes into view.
The endoplasm quivers.
Enter note:
Enter note: You shoot a sling bullet.
The sling bullet hits the endoplasm!
You kill the endoplasm!
Found a quarterstaff.
Enter note:
Enter note: Natasha, Servant of Life and Death comes into view.
Enter note:
Enter note: You shoot a sling bullet.
The sling bullet hits Natasha.
Natasha hisses angrily.
Natasha is moderately wounded.
A gnoll comes into view. It is wielding a +0 spear.
Enter note:
Enter note: You shoot a sling bullet.
The sling bullet barely misses Natasha.
You shoot a sling bullet. The sling bullet misses Natasha.
The sling bullet hits the gnoll but does no damage.
Natasha casts a spell at you. You resist with significant effort.
The gnoll closely misses you.
You shoot a sling bullet. The sling bullet hits Natasha.
Natasha is heavily wounded.
Natasha claws you!
The gnoll hits you from afar with a +0 spear.
Natasha claws you.
You shoot a sling bullet. The sling bullet hits Natasha.
Natasha is almost dead.
The gnoll hits you from afar with a +0 spear!
Natasha claws you.
You die...

.....# .# ..##.# ...
#.##.# .# ...... .#
#)##.#
.###.########.##g#
.##...........##h##.#
................@...#
.# ....#####.########
.# #.#.# #.# ## #.#.#
#.# ####.#.## #.#
........# #.#
####.#..# #.#
.....#..####.#
......>......#


You could see Natasha and a gnoll.

Vanquished Creatures
  2 dart slugs
  7 endoplasms
  2 giant cockroaches (D:1)
  3 hobgoblins (D:1)
  3 kobolds (D:1)
  A quokka (D:2)
  7 bats
  2 frilled lizards (D:1)
  3 goblins
  4 rats (D:1)
34 creatures vanquished.

Notes
Turn   | Place    | Note
-------+----------+-------------------------------------------
     0 | D:1      | qw the Minotaur Hexslinger began the quest for the Orb.
     0 | D:1      | Reached XP level 1. HP: 16/16 MP: 1/1
     0 | D:1      | 0 ||| qw: Version: 0.3-a-52-g30416fa
     0 | D:1      | 0 ||| qw: Game counter: 4673
     0 | D:1      | 0 ||| qw: Melee chars always use a shield: true
     0 | D:1      | 0 ||| qw: God list: Okawaru
     0 | D:1      | 0 ||| qw: Allow faded altars: false
     0 | D:1      | 0 ||| qw: Do Orc after clearing Dungeon:15 true
     0 | D:1      | 0 ||| qw: Do second Lair branch before Depths: true
     0 | D:1      | 0 ||| qw: Lair rune preference: random
     0 | D:1      | 0 ||| qw: Goals: Normal
     0 | D:1      | 0 ||| PLANNING D:1-11
    87 | D:1      | Reached skill level 3 in Ranged Weapons
    87 | D:1      | Reached XP level 2. HP: 23/23 MP: 2/2
   492 | D:1      | Reached XP level 3. HP: 29/29 MP: 3/3
   585 | D:1      | 585 ||| UPGRADING to +0 leather armour.
   595 | D:1      | 595 ||| DROPPING +0 robe.
   596 | D:1      | 596 ||| READING scroll labelled SANANTA KICOM.
   601 | D:1      | 601 ||| READING scroll labelled BIXTIB WITAK.
   602 | D:1      | 602 ||| READING 2 scrolls labelled KEKHEN DUMP.
   603 | D:1      | 603 ||| READING scroll labelled BEZUAHYFES.
   604 | D:1      | 604 ||| DROPPING scroll of poison.
   605 | D:1      | 605 ||| DROPPING scroll of amnesia.
   762 | D:2      | Noticed Natasha
   768 | D:2      | HP: 1/29 [gnoll/+0 spear (10)]
   768 | D:2      | Slain by Natasha

Levels and vault maps discovered:
D:1:      lightli_arrival_chessboard, layout_basic
D:2:      layout_loops_ring, serial_shops, nicolae_square_shop, uniq_natasha,
          uniq_robin

Skill      XL: |  1  2 |
---------------+-------+-----
Ranged Weapons | 3 |  3.9
Fighting       | 2 |  2.0
Dodging        | |  2.1
Spellcasting   | |  1.0
Hexes          | |  2.0

Action                     || total
---------------------------++-------
   Fire: Sling             ||    84
    Use: Scroll            ||     4
 Armour: Robe              ||     2
  Dodge: Dodged            ||    21

Table legend:
 A = Non-vault XP
 B = Vault XP
 C = Vault XP percentage of total XP
 D = Non-vault monster count
 E = Vault monster count
 F = Vault count percentage of total count
                 A         B        C        D         E       F
            +---------+---------+-------+---------+---------+-------
      Total |      59 |       0 |   0.0 |      34 |       0 |   0.0
            +---------+---------+-------+---------+---------+-------
        D:1 |      42 |       0 |   0.0 |      26 |       0 |   0.0
        D:2 |      17 |       0 |   0.0 |       8 |       0 |   0.0
            +---------+---------+-------+---------+---------+-------
